 Dungeon Crawl Stone Soup version 0.24.0-123-gd5b16e6ec5 (webtiles) character file.

Game seed: 17307182364606376612, levelgen mode: deterministic

94764 vurker the Stormcaller (level 16, -1/98 HPs)
             Began as a Tengu Air Elementalist on Dec 18, 2019.
             Was a High Priest of Vehumet.
             Slain by an anaconda (3 damage)
             ... on level 1 of the Snake Pit.
             The game lasted 01:34:59 (35319 turns).

vurker the Stormcaller (Tengu Air Elementalist)    Turns: 35319, Time: 01:34:59

Health: -1/98      AC:  9    Str:  9    XL:     16   Next: 12%
Magic:  10/34      EV: 12    Int: 25    God:    Vehumet [*****.]
Gold:   757        SH:  5    Dex: 15    Spells: 11/41 levels left

rFire    + + .     SeeInvis +   a - +6 hunting sling of Inquiry {speed, rN++ MR+}
rCold    + . .     Gourm    .   y - +0 buckler
rNeg     + + +     Faith    .   n - +2 robe {rC+ rF+}
rPois    +         Spirit   .   i - +1 hat
rElec    .         Reflect  .   G - +2 cloak {rPois}
rCorr    .         Harm     +   M - +0 pair of gloves
MR       +++..                  (boots unavailable)
Stlth    ++........             D - amulet of harm
HPRegen  0.26/turn              F - ring of protection from fire
MPRegen  0.24/turn              x - ring "Rocupn" {rN+ MR+ Int+3 SInv}

@: flying quickly and evasively, constricted, quick
A: beak, talons 3, able to fly
a: Stop Flying, Renounce Religion


You were on level 1 of the Snake Pit.
You worshipped Vehumet.
Vehumet was extremely pleased with you.
You were not hungry.

You visited 5 branches of the dungeon, and saw 25 of its levels.
You also visited: Bailey.

You collected 2510 gold pieces.
You spent 1753 gold pieces at shops.

Inventory:

Hand Weapons
 a - the +6 hunting sling of Inquiry (weapon) {speed, rN++ MR+}
   (You found it on level 4 of the Dungeon)

   Attacks with this weapon are significantly faster.
   It greatly protects you from negative energy.
   It affects your resistance to hostile enchantments.
 b - a +2 whip of electrocution
   (You took it off Pikel on level 5 of the Dungeon)
Missiles
 k - 147 sling bullets (quivered)
 R - a throwing net
Armour
 i - a +1 hat (worn)
   (You found it on level 14 of the Dungeon)
 n - a +2 robe of resistance (worn)
   (You took it off an orc sorcerer on level 2 of the Orcish Mines)
 y - a +0 buckler (worn)
   (You bought it in a shop on level 2 of the Orcish Mines)
 G - a +2 cloak of poison resistance (worn)
   (You bought it in a shop on level 2 of the Orcish Mines)
 M - a +0 pair of gloves (worn)
   (You found it on level 3 of the Lair of Beasts)
Jewellery
 w - an uncursed ring of protection from magic
   (You found it on level 11 of the Dungeon)
 x - the ring "Rocupn" (right hand) {rN+ MR+ Int+3 SInv}
   (You took it off a spriggan on level 5 of the Lair of Beasts)

   [ring of positive energy]

   It affects your intelligence (+3).
   It protects you from negative energy.
   It affects your resistance to hostile enchantments.
   It lets you see invisible.
 C - an uncursed amulet of regeneration {unknown}
   (You found it on level 11 of the Dungeon)
 D - an amulet of harm (around neck)
   (You found it on level 5 of the Dungeon)
 F - a ring of protection from fire (left hand)
   (You found it on level 11 of the Dungeon)
Wands
 c - a wand of disintegration (13)
   (You found it on level 5 of the Lair of Beasts)
 d - a wand of iceblast (14)
   (You found it on level 7 of the Dungeon)
 o - a wand of polymorph (35)
   (You found it on level 3 of the Dungeon)
 t - a wand of flame (63)
   (You took it off Maurice on level 8 of the Dungeon)
 u - a wand of paralysis (7)
   (You found it on level 5 of the Lair of Beasts)
 v - a wand of digging (11)
   (You took it off a goblin on level 3 of the Dungeon)
 B - a wand of enslavement (20)
   (You found it on level 3 of the Lair of Beasts)
 H - a wand of scattershot (6)
   (You found it on level 1 of the Lair of Beasts)
 O - a wand of clouds (5)
   (You found it on level 4 of the Lair of Beasts)
Scrolls
 f - 8 scrolls of teleportation
 h - 2 scrolls of magic mapping
 j - 5 scrolls of amnesia
 q - 4 scrolls of enchant armour
 s - a scroll of fear
 J - 2 scrolls of blinking
 K - a scroll of immolation
 N - 2 scrolls of fog
 P - 5 scrolls of remove curse
 S - a scroll of silence
 T - a scroll of summoning
Potions
 g - 5 potions of haste
 m - 9 potions of curing
 p - 8 potions of heal wounds
 r - 3 potions of magic
 z - 2 potions of brilliance
 A - 3 potions of lignification
 E - 3 potions of resistance
 I - a potion of cancellation
 L - 4 potions of invisibility
Comestibles
 e - 33 rations


   Skills:
 + Level 10.5 Fighting
 - Level 2.1 Dodging
 - Level 2.0 Stealth
 - Level 4.0 Shields
 * Level 13.4 Spellcasting
 * Level 17.9 Conjurations
 - Level 5.0 Summonings
 * Level 18.1 Air Magic
 - Level 5.0 Evocations


You had 11 spell levels left.
You knew the following spells:

 Your Spells              Type           Power        Failure   Level  Hunger
a - Lightning Bolt        Conj/Air       #######...   1%          5    ###....
b - Orb of Destruction    Conj           #######...   1%          7    ######.
c - Airstrike             Air            #######...   0%          4    None
e - Regeneration          Chrm/Necr      ###.......   11%         3    None
q - Iskenderun's Battles  Conj/Chrm      ######..     1%          5    ###....
w - Blink                 Tloc           N/A          5%          2    None
x - Summon Lightning Spi  Summ/Air       ######..     1%          4    None

Your spell library contained the following spells:

 Spells                   Type           Power        Failure   Level  Hunger
 Poison Arrow             Conj/Pois      ######....   4%          6    #####..
 Magic Dart               Conj           ####         0%          1    None
 Shock                    Conj/Air       ####         0%          1    None
 Static Discharge         Conj/Air       #######.     0%          3    None
 Iskenderun's Mystic Bla  Conj           #######.     0%          4    None
 Summon Butterflies       Summ           #####...     1%          1    None
 Summon Small Mammal      Summ           ####         1%          1    None
 Call Imp                 Summ           #####...     1%          2    None
 Poisonous Vapours        Pois/Air       ######       1%          2    None
 Swiftness                Chrm/Air       ######..     1%          2    None
 Call Canine Familiar     Summ           #####...     1%          3    None
 Conjure Flame            Conj/Fire      ######..     1%          3    None
 Dazzling Spray           Conj/Hex       ######       1%          3    None
 Mephitic Cloud           Conj/Pois/Air  ######..     1%          3    None
 Animate Skeleton         Necr           N/A          3%          1    None
 Apportation              Tloc           ###...       3%          1    None
 Confusing Touch          Hex            ###...       3%          1    None
 Corona                   Hex            ###....      3%          1    None
 Pain                     Necr           ###.         3%          1    None
 Recall                   Summ/Tloc      N/A          3%          3    None
 Summon Guardian Golem    Hex/Summ       ####....     3%          3    None
 Slow                     Hex            ###.....     5%          2    None
 Confuse                  Hex            ###.....     11%         3    None
 Gell's Gravitas          Tloc           ###.......   11%         3    None
 Lesser Beckoning         Tloc           ###.......   11%         3    None
 Tukima's Dance           Hex            ###.....     11%         3    None
 Vampiric Draining        Necr           ###.......   11%         3    None
 Summon Ice Beast         Ice/Summ       ####....     12%         4    None
 Yara's Violent Unravell  Hex/Tmut       ###.......   24%         5    ###....
 Animate Dead             Necr           N/A          34%         4    None
 Cause Fear               Hex            ###.......   34%         4    None
 Petrify                  Tmut/Erth      ###.....     34%         4    None
 Alistair's Intoxication  Tmut/Pois      ###.....     67%         5    ###....
 Borgnjor's Vile Clutch   Necr/Erth      ###.......   67%         5    ###....
 Metabolic Englaciation   Hex/Ice        ###.......   67%         5    ###....
 Death Channel            Necr           ###.......   99%         6    #####..
 Invisibility             Hex            ###.....     99%         6    #####..
 Simulacrum               Ice/Necr       ###.......   99%         6    #####..
 Discord                  Hex            ###.......   100%        8    #######


Dungeon Overview and Level Annotations

Branches:
Dungeon (15/15)            Temple (1/1) D:4            Lair (6/6) D:11
 Shoals (0/4) Lair:3        Snake (1/4) Lair:4        Slime (0/5) Lair:6
    Orc (2/2) D:10            Elf (0/3) Orc:2        Vaults (0/5) D:13
 Depths (0/5) D:15         Bailey (visited)

Altars:
Ashenzari
Cheibriados
Dithmenos
Elyvilon
Fedhas
Gozag
Hepliaklqana
Kikubaaqudgha
Makhleb
Nemelex Xobeh
Okawaru
Ru
Trog
Uskayaw
Vehumet
Wu Jian
Xom
Yredelemnul
The Shining One
Jiyva

Shops:
D:7 [   D:13 %   D:14 *}**   Orc:2 [:!?[   Snake:1 [

Portals:
Pandemonium: Orc:2

Annotations:
D:10 3 runed translucent doors, Muifuo Jogge's ghost, journeyman GnSk
D:13 3 runed translucent doors
Lair:2 3 runed translucent doors, Wuvuatt's ghost, journeyman MiBe


Innate Abilities, Weirdness & Mutations

You have a beak for a mouth.
You have claws for feet.
You can fly continuously.


Message History

Aim: an anaconda (moderately wounded)
The air twists around and strikes the anaconda!!
An anaconda comes into view.
A naga mage comes into view.
It is wielding a +0 spear and carrying a wand of iceblast (6).
The anaconda grabs you. The anaconda barely misses you.
The anaconda constricts you.
You escape the anaconda's grasp.
The black mamba bites you! The anaconda barely misses you.
The anaconda closely misses you. The black mamba misses you.
The anaconda closely misses you. The anaconda misses you.
The black mamba closely misses you. The anaconda grabs you.
You block the anaconda's attack. The anaconda constricts you.
The anaconda's grasp on you weakens, but your attempt to escape fails.
The black mamba bites you! The anaconda bites you! The anaconda constricts you.
The anaconda bites you but does no damage.
The black mamba barely misses you.
You escape the anaconda's grasp.
The anaconda closely misses you. You block the anaconda's attack.
You see here 2 arrows.
The anaconda grabs you. The anaconda bites you. The anaconda constricts you.
You see here a +0 dire flail.
You escape the anaconda's grasp.
You block the anaconda's attack. x2
Items here: ( )))) [ You see here a +0 mace.
The anaconda grabs you. The anaconda bites you.
* * * LOW HITPOINT WARNING * * *
The anaconda constricts you.
Things that are here:
a +0 trident of freezing; a +0 robe
Aim: an anaconda (heavily wounded, constricting you)
The wavering orb of destruction weakly hits the anaconda!!
The anaconda bites you.
* * * LOW HITPOINT WARNING * * *
* * * LOW HITPOINT WARNING * * *
The anaconda constricts you. The anaconda bites you!
* * * LOW HITPOINT WARNING * * *
* * * LOW HITPOINT WARNING * * *
The anaconda constricts you.
You escape the anaconda's grasp.
You blink.
Okay, then.
Aim: an anaconda (almost dead, chance to defeat MR: 43%)
The anaconda resists with some effort.
The anaconda grabs you. The anaconda bites you.
* * * LOW HITPOINT WARNING * * *
* * * LOW HITPOINT WARNING * * *
The anaconda constricts you. The anaconda bites you!
* * * LOW HITPOINT WARNING * * *
You die...

.<.)..)%)%..######
...########.%.###
...##########...###
##........#####...###
########...#####...#
###....###..# ###
####.)...## ..#
#..#.### #.#######
###.##@##
#.......###.).##S.##
#######....)#####.[#
..###....#### ##S#
#.....#.## #S#
#(.......### #.#
...........## #)#
..#####.....######S#
...##.........S).)S#


You could see 2 anacondas and a black mamba.

Vanquished Creatures
  Jorgrun (D:15)
  Rupert (Orc:2)
  Kirke (D:15)
  2 vault guards (D:13)
  2 naga warriors (Snake:1)
  5 hydras
  3 centaur warriors (D:13)
  2 catoblepae (Lair:6)
  An anaconda (Snake:1)
  Erica (D:8)
  6 two-headed ogres
  4 death yaks
  A tengu warrior (D:13)
  A shock serpent (Snake:1)
  3 naga sharpshooters (Snake:1)
  3 orc high priests (Orc:2)
  A skeletal warrior (D:15)
  An infernal demonspawn (Orc:2)
  4 necromancers
  Pikel (D:5)
  4 wizards
  A lindwurm (Lair:6)
  3 deep elf magi
  An orc knight (Orc:2)
  An oklob plant (D:10)
  3 orc sorcerers (Orc:2)
  An ugly thing (D:13)
  A stone giant zombie (D:15)
  2 manticores (Lair:6)
  2 salamanders (Snake:1)
  3 cyclopes
  Maurice (D:8)
  A naga mage (Snake:1)
  2 rust devils (Orc:2)
  9 black mambas
  A torpor snail (Lair:6)
  6 elephants (Lair:6)
  A gargoyle (D:15)
  12 spiny frogs
  3 rime drakes
  An efreet (D:13)
  6 komodo dragons
  A yaktaur (D:15)
  A tengu conjurer (D:13)
  A freezing wraith (D:15)
  2 trolls
  3 meliai (D:15)
  A polar bear (Lair:5)
  2 red devils (Orc:2)
  3 slime creatures (D:13)
  A hornet (D:11)
  Prince Ribbit (D:6)
  An ettin zombie (D:15)
  A spriggan zombie (D:15)
  8 hippogriffs
  7 dream sheep (Lair:6)
  10 blink frogs
  3 water elementals (D:15)
  4 wyverns
  A vampire (D:13)
  4 wraiths
  2 shadows
  16 yaks
  3 basilisks
  A spriggan (Lair:5)
  17 humans (D:13)
  Grum (D:8)
  3 hungry ghosts
  Menkaure (D:6)
  6 nagas (Snake:1)
  2 vampire mosquitoes (D:15)
  2 wargs (Orc:1)
  12 water moccasins
  2 soldier ants (D:9)
  4 porcupines
  Duvessa (D:6)
  24 orc warriors
  An ice beast (D:7)
  7 sky beasts
  2 eyes of draining (D:8)
  2 slaves
  3 black bears
  11 ogres
  5 wolves
  A phantom (D:8)
  7 centaurs
  11 crocodiles
  2 big kobolds
  An elf zombie (D:7)
  Dowan (D:6)
  14 bullfrogs
  A wyvern zombie (D:6)
  4 scorpions
  3 wyvern skeletons
  17 killer bees
  13 wights
  5 howler monkeys
  A vampire bat (Lair:1)
  3 electric eels
  7 crimson imps
  A bullfrog zombie (D:9)
  3 hounds
  A quasit (D:10)
  3 centaur zombies
  5 jellies
  A human zombie (D:7)
  16 orc priests
  2 centaur skeletons
  2 bullfrog skeletons
  3 gnoll shamans (D:6)
  A human skeleton (D:7)
  4 iguanas
  13 worker ants
  13 orc wizards
  2 ogre zombies (D:7)
  2 mummies (D:7)
  A howler monkey zombie (D:6)
  A worker ant zombie (D:11)
  10 adders
  29 gnolls (D:6)
  2 shadow imps
  3 oozes
  3 dart slugs
  5 leopard geckos
  66 orcs
  3 giant cockroaches
  8 goblins
  11 hobgoblins
  23 jackals
  19 kobolds
  3 quokkas
  2 ball pythons (D:1)
  A ball python zombie (D:5)
  16 bats
  7 frilled lizards
  A jackal skeleton (D:6)
  A quokka skeleton (D:6)
  9 rats
679 creatures vanquished.

Vanquished Creatures (collateral kills)
  4 hydras
  A centaur warrior (D:15)
  4 death yaks
  A vampire mage (D:15)
  An orc high priest (Orc:2)
  A gelid demonspawn (Orc:2)
  A torturous demonspawn (Orc:2)
  3 orc knights (Orc:2)
  A lindwurm (Lair:6)
  An oklob plant (D:10)
  A wolf spider zombie (D:15)
  5 orc sorcerers (Orc:2)
  An ugly thing (D:11)
  A merfolk siren (Lair:3)
  An elephant (Lair:6)
  A torpor snail (Lair:6)
  An orange demon (Orc:2)
  2 centaur skeletons
  An ice devil (Orc:2)
  2 komodo dragons (Lair:4)
  A guardian mummy (D:15)
  A queen bee (Lair:2)
  4 blink frogs (Lair:4)
  A deep troll skeleton (D:15)
  A hog (D:15)
  17 yaks
  9 orc warriors
  An ice beast (D:13)
  A necrophage (D:10)
  2 ogres
  5 centaurs
  A big kobold (D:13)
  A bullfrog (D:15)
  A scorpion (D:11)
  12 killer bees (Lair:2)
  4 wights (D:13)
  A vampire bat (Lair:1)
  A crimson imp (D:9)
  A hound (D:8)
  2 centaur zombies
  3 orc priests (D:11)
  2 worker ants
  4 orc wizards
  A leopard gecko (D:11)
  21 orcs
  2 bats (Lair:1)
  5 kobolds
  A fungus (Lair:6)
  A plant (Lair:6)
141 creatures vanquished.

Vanquished Creatures (others)
  An elephant (Lair:6)
  2 humans (D:15)
  An ice beast (D:5)
  A shadow imp (D:15)
  A bush (Lair:6)
  20 fungi
  29 plants
  6 withered plants (D:15)
61 creatures vanquished.

Grand Total: 881 creatures vanquished

Notes
Turn   | Place    | Note
-------+----------+-------------------------------------------
     0 | D:1      | vurker the Tengu Air Elementalist began the quest for the
                  | Orb.
     0 | D:1      | Reached XP level 1. HP: 10/10 MP: 4/4
   198 | D:1      | Reached XP level 2. HP: 12/16 MP: 0/6
   415 | D:1      | Reached XP level 3. HP: 16/20 MP: 1/7
  1274 | D:2      | Reached skill level 1 in Fighting
  1274 | D:2      | Reached XP level 4. HP: 22/25 MP: 2/8
  1540 | D:2      | Reached skill level 5 in Air Magic
  1981 | D:3      | Found a hazy altar of Hepliaklqana.
  2055 | D:3      | Gained mutation: You can fly continuously. [Tengu growth]
  2055 | D:3      | Reached XP level 5. HP: 29/29 MP: 1/10
  2191 | D:3      | Found an iron altar of Okawaru.
  2755 | D:4      | Reached XP level 6. HP: 35/35 MP: 7/12
  2762 | D:4      | Learned a level 5 spell: Lightning Bolt
  2767 | D:4      | Learned a level 4 spell: Airstrike
  2859 | D:4      | Found a staircase to the Ecumenical Temple.
  2872 | Temple   | Entered the Ecumenical Temple
  2972 | Temple   | Became a worshipper of Vehumet
  3405 | D:4      | Reached skill level 6 in Air Magic
  3663 | D:4      | Got a crude hunting sling
  3664 | D:4      | Identified the +6 hunting sling of Inquiry {speed, rN++
                  | MR+} (You found it on level 4 of the Dungeon)
  4129 | D:5      | Entered Level 5 of the Dungeon
  4149 | D:5      | Reached skill level 5 in Conjurations
  4149 | D:5      | Reached XP level 7. HP: 31/40 MP: 13/13
  4297 | D:5      | Got a steaming scale mail
  4635 | D:5      | Reached skill level 7 in Air Magic
  4813 | D:5      | Noticed Pikel
  4866 | D:5      | Killed Pikel
  4866 | D:5      | Reached skill level 5 in Spellcasting
  4866 | D:5      | Reached skill level 8 in Air Magic
  4866 | D:5      | Reached XP level 8. HP: 46/46 MP: 10/16
  5227 | D:5      | Identified the +5 scale mail "Fenalic" {MR++} (You found it
                  | on level 5 of the Dungeon)
  5307 | D:6      | Found a sacrificial altar of Ru.
  5340 | D:6      | Found a snail-covered altar of Cheibriados.
  5707 | D:6      | Noticed Menkaure
  5731 | D:6      | Killed Menkaure
  5731 | D:6      | Reached * piety under Vehumet
  5731 | D:6      | Offered knowledge of Freeze by Vehumet.
  5796 | D:6      | Reached XP level 9. HP: 52/52 MP: 9/18
  5848 | D:6      | Noticed Duvessa
  5848 | D:6      | Noticed Dowan
  5862 | D:6      | Killed Duvessa
  5862 | D:6      | Reached skill level 9 in Air Magic
  5896 | D:6      | Found a white marble altar of Elyvilon.
  5912 | D:6      | Noticed Prince Ribbit
  5916 | D:6      | Killed Prince Ribbit
  6077 | D:6      | Found an ancient bone altar of Kikubaaqudgha.
  6108 | D:6      | Killed Dowan
  6864 | D:6      | Reached ** piety under Vehumet
  6864 | D:6      | Offered knowledge of Throw Frost by Vehumet.
  7234 | D:7      | Learned a level 4 spell: Summon Lightning Spire
  7278 | D:7      | Reached skill level 1 in Summonings
  7278 | D:7      | Reached skill level 10 in Air Magic
  7386 | D:7      | Found a glowing golden altar of the Shining One.
  7386 | D:7      | Found a burning altar of Makhleb.
  7499 | D:7      | Found Nugai's Antique Armour Shop.
  7619 | D:7      | Found a blossoming altar of Fedhas.
  7719 | D:7      | Reached XP level 10. HP: 58/58 MP: 10/21
  7794 | D:7      | Found a basalt altar of Yredelemnul.
  7806 | D:7      | Reached skill level 5 in Fighting
  7814 | D:7      | Reached skill level 1 in Evocations
  7937 | D:7      | Offered knowledge of Mephitic Cloud by Vehumet.
  8150 | D:8      | Reached skill level 10 in Conjurations
  8153 | D:8      | Noticed Grum
  8160 | D:8      | Killed Grum
  8410 | D:8      | Reached *** piety under Vehumet
  8780 | D:8      | Noticed Maurice
  8830 | D:8      | Noticed Erica
  8839 | D:8      | Killed Erica
  8839 | D:8      | Reached skill level 11 in Air Magic
  9149 | D:8      | Killed Maurice
  9197 | D:8      | Found a bloodstained altar of Trog.
  9291 | D:8      | Reached skill level 5 in Summonings
  9456 | D:8      | Offered knowledge of Conjure Flame by Vehumet.
  9578 | D:9      | Noticed a two-headed ogre
  9597 | D:9      | Killed a two-headed ogre
  9597 | D:9      | Reached XP level 11. HP: 62/64 MP: 12/24
  9967 | D:9      | Found a sparkling altar of Nemelex Xobeh.
  9967 | D:9      | Noticed a two-headed ogre
  9985 | D:9      | Killed a two-headed ogre
 10055 | D:9      | Reached **** piety under Vehumet
 10191 | D:9      | Found a hide-covered altar of Uskayaw.
 10312 | D:9      | Found an ornate altar of the Wu Jian Council.
 10590 | D:10     | Entered Level 10 of the Dungeon
 10604 | D:10     | Found a blossoming altar of Fedhas.
 10606 | D:10     | Noticed an oklob plant
 10606 | D:10     | Noticed an oklob plant
 10613 | D:10     | Killed an oklob plant
 10794 | D:10     | Killed an oklob plant
 10794 | D:10     | Reached skill level 12 in Air Magic
 11051 | D:10     | Found a staircase to the Orcish Mines.
 11064 | D:10     | Noticed a two-headed ogre
 11075 | D:10     | Killed a two-headed ogre
 11225 | D:10     | Offered knowledge of Yara's Violent Unravelling by Vehumet.
 11689 | D:10     | Found a runed translucent gate.
 11689 | D:10     | Found a runed translucent gate.
 11689 | D:10     | Found a runed translucent gate.
 11703 | D:10     | Noticed Muifuo Jogge's ghost (journeyman GnSk)
 11705 | D:10     | Noticed an 11-headed hydra
 11931 | D:11     | Noticed a red ugly thing
 11950 | D:11     | Killed a red ugly thing
 12315 | D:11     | Noticed a wizard
 12322 | D:11     | Reached ***** piety under Vehumet
 12330 | D:11     | Offered knowledge of Iskenderun's Battlesphere by Vehumet.
 12343 | D:11     | Killed a wizard
 12487 | D:11     | Found a staircase to the Lair.
 12637 | D:11     | Reached XP level 12. HP: 71/71 MP: 17/26
 12663 | D:11     | Learned a level 5 spell: Iskenderun's Battlesphere
 12755 | Lair:1   | Entered Level 1 of the Lair of Beasts
 13152 | Lair:1   | Learned a level 3 spell: Regeneration
 13173 | Lair:1   | Learned a level 2 spell: Blink
 13180 | Lair:1   | Reached skill level 13 in Air Magic
 13243 | Lair:1   | Got a jewelled whip
 13252 | Lair:1   | Identified the cursed +0 whip of Cief {venom, rC+ SInv}
                  | (You found it on level 1 of the Lair of Beasts)
 13574 | Lair:2   | Noticed a six-headed hydra
 13581 | Lair:2   | Killed a six-headed hydra
 13717 | Lair:2   | Found a runed translucent gate.
 13718 | Lair:2   | Found a runed translucent gate.
 13719 | Lair:2   | Found a runed translucent gate.
 13722 | Lair:2   | Found a viscous altar of Jiyva.
 13722 | Lair:2   | Noticed Wuvuatt's ghost (journeyman MiBe)
 14303 | Lair:2   | Noticed a seven-headed hydra
 14309 | Lair:2   | Killed a seven-headed hydra
 14976 | Lair:3   | Noticed a seven-headed hydra
 15192 | Lair:3   | Killed a seven-headed hydra
 15192 | Lair:3   | Reached skill level 5 in Evocations
 15829 | Lair:3   | Reached skill level 10 in Spellcasting
 16038 | Lair:3   | Found a staircase to the Shoals.
 16224 | Lair:3   | Offered knowledge of Irradiate by Vehumet.
 16224 | Lair:3   | Reached skill level 14 in Air Magic
 16526 | Lair:4   | Reached XP level 13. HP: 77/77 MP: 15/28
 17259 | Lair:4   | Found a staircase to the Snake Pit.
 18090 | Lair:5   | Reached skill level 15 in Air Magic
 18230 | Lair:5   | Identified the ring "Rocupn" {rN+ MR+ Int+3 SInv}
 19198 | Lair:5   | Learned a level 5 spell: Irradiate
 19199 | Lair:6   | Entered Level 6 of the Lair of Beasts
 19638 | Lair:6   | Reached skill level 15 in Conjurations
 20336 | Lair:6   | Reached XP level 14. HP: 84/84 MP: 14/30
 20581 | Lair:6   | Offered knowledge of Freezing Cloud by Vehumet.
 21135 | Lair:6   | Found a staircase to the Slime Pits.
 21898 | Lair:6   | Reached skill level 16 in Air Magic
 22453 | Lair:6   | Identified the Grimoire of Bewitchment and Envenoming
 23946 | Orc:1    | Entered Level 1 of the Orcish Mines
 24155 | Orc:1    | Found a flagged portal.
 24168 | Bailey   | Entered a bailey
 24816 | Orc:2    | Entered Level 2 of the Orcish Mines
 25114 | Orc:2    | Found Vupekupn's Armour Emporium.
 25139 | Orc:2    | Noticed Rupert
 25146 | Orc:2    | Killed Rupert
 25279 | Orc:2    | Offered knowledge of Iron Shot by Vehumet.
 25287 | Orc:2    | Learned a level 6 spell: Iron Shot
 25547 | Orc:2    | Found a staircase to the Elven Halls.
 26434 | Orc:2    | Found Bumaful's Magic Scroll Emporium.
 26436 | Orc:2    | Found Fadwaott's Distillery.
 26624 | Orc:2    | Bought a scroll of identify for 36 gold pieces
 26624 | Orc:2    | Bought a scroll of identify for 36 gold pieces
 27516 | Orc:2    | Reached XP level 15. HP: 84/92 MP: 8/32
 27792 | Orc:2    | Reached skill level 17 in Air Magic
 27958 | Orc:2    | Found Adechiuke's Antique Armour Shop.
 27958 | Orc:2    | Found Juosant's Book Boutique.
 27962 | Orc:2    | Found a one-way gate leading to the halls of Pandemonium.
 28024 | Orc:2    | Bought a buckler for 139 gold pieces
 28085 | Orc:2    | Bought a +2 cloak of poison resistance for 259 gold pieces
 28138 | Orc:2    | Bought 2 potions of heal wounds for 130 gold pieces
 28138 | Orc:2    | Bought a potion of cancellation for 104 gold pieces
 28138 | Orc:2    | Bought 2 potions of resistance for 260 gold pieces
 28138 | Orc:2    | Bought a potion of invisibility for 104 gold pieces
 28138 | Orc:2    | Bought a potion of invisibility for 104 gold pieces
 28140 | Orc:2    | Bought a scroll of silence for 135 gold pieces
 28140 | Orc:2    | Bought a scroll of summoning for 171 gold pieces
 28642 | D:13     | Found Ynidi's Food Emporium.
 28675 | D:13     | Reached skill level 1 in Shields
 28703 | D:13     | Offered knowledge of Orb of Destruction by Vehumet.
 28726 | D:13     | Learned a level 7 spell: Orb of Destruction
 30069 | D:13     | Reached skill level 10 in Fighting
 30378 | D:13     | Found a gate to the Vaults.
 30615 | D:13     | Found a runed translucent gate.
 30616 | D:13     | Found a runed translucent gate.
 30616 | D:13     | Found a runed translucent gate.
 30951 | D:13     | Identified a scroll of acquirement
 30954 | D:13     | Identified Kinnupla's Compendium of Confrontation (You
                  | acquired it on level 13 of the Dungeon)
 31027 | D:14     | Found Ylonat's Gadget Shop.
 31087 | D:14     | Found Pos Tuxomul's General Store.
 31234 | D:14     | Found Tachos's Assorted Antiques.
 31242 | D:14     | Bought a scroll of fear for 77 gold pieces
 31242 | D:14     | Bought a potion of heal wounds for 110 gold pieces
 31242 | D:14     | Bought a scroll of identify for 44 gold pieces
 31242 | D:14     | Bought a scroll of identify for 44 gold pieces
 31291 | D:14     | Found Limoosos's Assorted Antiques.
 31595 | D:15     | Entered Level 15 of the Dungeon
 32065 | D:15     | Noticed Jorgrun
 32079 | D:15     | Killed Jorgrun
 32758 | D:15     | Noticed Kirke
 32772 | D:15     | Killed Kirke
 33179 | D:15     | Reached ****** piety under Vehumet
 33383 | D:15     | Offered knowledge of Poison Arrow by Vehumet.
 33492 | D:15     | Found a staircase to the Depths.
 33903 | Snake:1  | Entered Level 1 of the Snake Pit
 34249 | Snake:1  | Reached skill level 18 in Air Magic
 34249 | Snake:1  | Reached XP level 16. HP: 98/98 MP: 7/34
 34585 | Snake:1  | Found Zohery's Armour Emporium.
 35319 | Snake:1  | HP: 2/98 [anaconda (16)]
 35319 | Snake:1  | Slain by an anaconda

Levels and vault maps discovered:
D:1:      sevenhm_arrival_forest_fort_small_3, layout_loops_ring,
          minmay_ruptured
D:2:      layout_basic
D:3:      layout_basic, old_standard_altar, nicolae_overflow_crystal_walls,
          first_ration
D:4:      layout_loops_corners, minmay_temple_entry_mini_moons
D:5:      layout_loops_ring, kb_lookout_dungeons_type, minmay_misc_feat_iff,
          uniq_pikel
D:6:      lemuel_castle_with_subvaults [lemuel_castle_interior_carwin_2],
          layout_basic, lemuel_round_altar, old_standard_altar, kennysheep_mini,
          cheibriados_altar_1, uniq_duvessa, uniq_prince_ribbit1, uniq_menkaure
D:7:      layout_cave_pools, lemuel_mausoleum_altar_yredelemnul,
          chequers_temple_overflow_statue_of_worship, kennysheep_mini_moat,
          serial_shops, nicolae_shop_waterfront
D:8:      layout_basic, trog_eyes_of_draining, uniq_maurice, uniq_erica,
          uniq_grum
D:9:      layout_basic, nemelex_xobeh_ov_fountains_minmay,
          nicolae_overflow_hidden_temple, lemuel_round_altar,
          hangedman_pestilent_swarm
D:10:     layout_basic, orc_0_dummy, gammafunk_ghost_hydra_chop,
          hangedman_tree_tricks
D:11:     layout_roguey, lair_entry_dummy
D:12:     layout_loops_corners
D:13:     layout_roguey, grunt_vaults_entry_tiered, serial_shops, shop,
          ploomutoo_gammafunk_ghost_potion_laboratory
D:14:     layout_gridville, serial_shops, shop, shop, shop,
          nicolae_shop_behind_doors, minmay_misc_feat_x
D:15:     gammafunk_depths_entry_grave, layout_loops_ring, columned_hall_lemuel,
          serial_bayou, serial_bayou_pond_c, serial_bayou_lagoon_a,
          serial_bayou_ford_a, serial_bayou_crossing, uniq_kirke, uniq_jorgrun
Temple:   compressed_dpeg_triangle_lava_temple
Lair:1:   layout_roguey, roderic_batcave
Lair:2:   layout_loops_ring, gammafunk_ghost_ooze, special_room
          [special_room_bee], grunt_megastairs_4, serial_bayou_shore_a
Lair:3:   layout_small_grid, minmay_shoals_entry_lonely_mermaid
Lair:4:   layout_long_grid, guppyfry_snake_entry_island, serial_bayou_pond_b,
          serial_bayou_shore_b
Lair:5:   layout_small_grid, grunt_forest_stairs_clearing,
          infiniplex_staircase_pool_2
Lair:6:   hangedman_lair_in_review, layout_loops_ring,
          nicolae_slime_entry_slimehenge
Snake:1:  layout_rooms, serial_shops, shop
Orc:1:    layout_caves, enter_bailey_8
Orc:2:    pf_orc_diabolical, layout_caves, serial_shops, shop, uniq_rupert

Skill      XL: |  1  2  3  4  5  6  7  8  9 10 11 12 13 14 15 |
---------------+----------------------------------------------+-----
Conjurations   | 2 3 4 5 7 9 11 12 13 15 16 17 | 17.9
Fighting       | 1 2 3 4 5 6 7 8 9 10 | 10.5
Air Magic      | 5 6 8 10 11 12 14 15 16 18 | 18.1
Spellcasting   | 3 5 6 8 9 10 11 12 13 | 13.4
Summonings     | 2 5 |  5.0
Evocations     | 2 4 5 |  5.0
Shields        | 4 |  4.0
Dodging        | |  2.1
Stealth        | |  2.0

Action                   |  1- 3 |  4- 6 |  7- 9 | 10-12 | 13-15 | 16-18 || total
-------------------------+-------+-------+-------+-------+-------+-------++-------
Melee: Dagger            |    21 |     3 |     1 |       |       |       ||    25
       Kick              |     3 |     1 |       |     5 |       |       ||     9
       Peck              |     1 |       |       |     5 |       |       ||     6
       Whip              |       |       |       |    31 |       |       ||    31
 Fire: Hunting sling     |       |    16 |    84 |   182 |   201 |       ||   483
 Cast: Shock             |    74 |   116 |   185 |   171 |   116 |       ||   662
       Airstrike         |       |       |    30 |   181 |   658 |    37 ||   906
       Summon Lightning  |       |       |       |    39 |    82 |       ||   121
       Lightning Bolt    |       |       |       |     5 |    12 |       ||    17
       Iskenderun's Batt |       |       |       |     3 |    23 |       ||    26
       Orb of Destructio |       |       |       |       |    10 |     9 ||    19
       Blink             |       |       |       |       |       |     1 ||     1
 Abil: Fly               |       |     1 |       |       |       |       ||     1
Evoke: Wand              |       |       |       |     8 |     2 |     1 ||    11
  Use: Scroll            |       |     9 |     4 |     7 |    14 |       ||    34
       Potion            |       |       |       |     3 |       |       ||     3
 Stab: Sleeping          |     1 |       |       |       |       |       ||     1
       Distracted        |       |       |       |     1 |       |       ||     1
  Eat: Chunk             |     2 |     6 |    10 |    24 |    50 |       ||    92
       Ration            |       |     1 |     1 |     5 |     4 |     2 ||    13
Armor: Robe              |    11 |       |       |       |     9 |     2 ||    22
       Leather armour    |       |     6 |     4 |    11 |       |       ||    21
       Troll leather arm |       |       |       |    17 |    23 |       ||    40
Dodge: Dodged            |    21 |    27 |    25 |   135 |   131 |    16 ||   355
Block: Buckler           |       |       |       |       |     5 |    11 ||    16
